 Dungeon Crawl Stone Soup version 0.25-b1-23-ge2ad7d536c (webtiles) character file.

Game seed: 18026035698922034571, levelgen mode: deterministic

84 raph the Grave Robber (level 4, -4/36 HPs)
             Began as a Deep Dwarf Necromancer on June 1, 2020.
             Slain by an ogre
             ... wielding a cursed +0 giant club
              (16 damage)
             ... on level 3 of the Dungeon.
             The game lasted 00:06:24 (2879 turns).

raph the Grave Robber (Deep Dwarf Necromancer)      Turns: 2879, Time: 00:06:25

Health: -4/36      AC:  3    Str: 12    XL:     4   Next: 23%
Magic:  2/7        EV: 12    Int: 16    God:
Gold:   167        SH:  0    Dex: 13    Spells: 2/7 levels left

rFire    . . .     SeeInvis .   i - +0 short sword
rCold    . . .     Gourm    .   (no shield)
rNeg     . . .     Faith    .   b - +0 leather armour
rPois    .         Spirit   .   (no helmet)
rElec    .         Reflect  .   (no cloak)
rCorr    .         Harm     .   (no gloves)
MR       .....                  (no boots)
Stlth    ++........             h - amulet of magic regeneration
HPRegen  0.00/turn              (no ring)
MPRegen  0.35/turn              (no ring)

@: non-regenerating
A: damage resistance, heal wounds, sense surroundings 1, no regeneration
a: Heal Wounds


You were on level 3 of the Dungeon.
You were not hungry.

You visited 1 branch of the dungeon, and saw 3 of its levels.

You collected 167 gold pieces.

Inventory:

Hand Weapons
 i - a +0 short sword (weapon)
Missiles
 j - 44 stones (quivered)
Armour
 a - a +0 robe
 b - a +0 leather armour (worn)
Jewellery
 h - an amulet of magic regeneration (around neck)
Scrolls
 d - 3 scrolls of remove curse
 e - 3 scrolls of immolation
 l - a scroll of identify
Potions
 f - a potion of heal wounds
 g - a potion of berserk rage
 k - 2 potions of degeneration
 m - a potion of curing {unknown}
Comestibles
 c - 6 rations


   Skills:
 - Level 2.1 Dodging
 - Level 3.2 Stealth
 - Level 2.2 Spellcasting
 * Level 5.8 Necromancy


You had 2 spell levels left.
You knew the following spells:

 Your Spells              Type           Power        Failure   Level  Hunger
a - Pain                  Necr           ###.         2%          1    #......
b - Animate Skeleton      Necr           N/A          2%          1    #......
c - Vampiric Draining     Necr           ###.......   7%          3    ###....

Your spell library contained the following spells:

 Spells                   Type           Power        Failure   Level  Hunger
 Animate Dead             Necr           N/A          24%         4    #####..
 Agony                    Necr           ###.....     54%         5    ######.


Dungeon Overview and Level Annotations

Branches:
Dungeon (3/15)

Altars:


Innate Abilities, Weirdness & Mutations

You are resistant to damage.
You can heal yourself by infusing magical energy.
You passively map a small area around you.
You do not regenerate.


Message History

Confirm with . or Enter, or press ? or * to list all spells.
Aiming: Pain (safe; 2% risk of failure)
Press: ? - help, Shift-Dir - straight line, f/p - ogre
Aim: an ogre, wielding a +0 giant club (moderately wounded, chance to defeat MR: 80%)
The ogre writhes in agony.
The ogre closely misses you.
Casting: Pain (safe; 2% risk of failure)
Confirm with . or Enter, or press ? or * to list all spells.
Aiming: Pain (safe; 2% risk of failure)
Press: ? - help, Shift-Dir - straight line, f/p - ogre
Aim: an ogre, wielding a +0 giant club (moderately wounded, chance to defeat MR: 80%)
The ogre barely resists.
The ogre hits you with a cursed +0 giant club!
Casting: Pain (safe; 2% risk of failure)
Confirm with . or Enter, or press ? or * to list all spells.
Aiming: Pain (safe; 2% risk of failure)
Press: ? - help, Shift-Dir - straight line, f/p - ogre
Aim: an ogre, wielding a +0 giant club (moderately wounded, chance to defeat MR: 80%)
The ogre writhes in agony.
The ogre hits you with a cursed +0 giant club!
You die...

,,,,,,,,,..#...........,,,,*,**,,
,,,,,,,,####...######.#***,*,,,,,
,,,,,,,,* #....# *,* *,*,***,
,,,,,,,,* #....# *,* *,*,*,,,
,,******* #....# *,* *,*,*,,, ,,*
#.>..## *,* *,*,*,,, ,,*
#.##..####.###*,*,**,, ,,*
#.............,,*,,,,, ,**
#####@####.###*****,,* ,* #O##
*,,,,,,,,,,,* ,* #..#
*,*******,,,* ,* ***##'#**,*
*,,,* ,* *,,,...**,* *,,,* ,*
*,,....#*,*******,,,* ,*
*,.....#*,**,,,,,,,,* ,*
*...?...*,**,******** **
#.......#,**,*,,,,,,,


You could see an ogre.

Vanquished Creatures
  2 adders
  An ooze (D:1)
  A worm (D:2)
  A dart slug (D:3)
  3 leopard geckos
  A bat (D:2)
  A giant cockroach (D:2)
  3 goblins (D:2)
  6 hobgoblins
  7 kobolds
  2 quokkas (D:2)
  7 frilled lizards
  7 rats
  A toadstool (D:2)
43 creatures vanquished.

Vanquished Creatures (collateral kills)
  An adder (D:2)
  An ooze (D:2)
  A rat (D:2)
3 creatures vanquished.

Vanquished Creatures (others)
  4 toadstools (D:2)
4 creatures vanquished.

Grand Total: 50 creatures vanquished

Notes
Turn   | Place    | Note
-------+----------+-------------------------------------------
     0 | D:1      | raph the Deep Dwarf Necromancer began the quest for the
                  | Orb.
     0 | D:1      | Reached XP level 1. HP: 15/15 MP: 3/3
   130 | D:1      | Learned a level 1 spell: Animate Skeleton
   492 | D:1      | Reached XP level 2. HP: 22/22 MP: 0/4
  1315 | D:2      | Reached skill level 5 in Necromancy
  1315 | D:2      | Reached XP level 3. HP: 28/28 MP: 1/6
  1470 | D:2      | Learned a level 3 spell: Vampiric Draining
  2339 | D:2      | Reached XP level 4. HP: 30/36 MP: 5/7
  2870 | D:3      | Noticed an ogre
  2879 | D:3      | Slain by an ogre

Illustrated notes

Levels and vault maps discovered:
D:1:      enne_arrival_octagon_isle, layout_basic, minmay_bisected
D:2:      layout_basic, first_ration, minmay_gold_behind_fungi
D:3:      layout_basic, minmay_overflow_temple_hex

Skill      XL: |  1  2 |
---------------+-------+-----
Spellcasting   | 2 |  2.2
Stealth        | 3 |  3.2
Necromancy     | 5 |  5.8
Dodging        | |  2.1

Action                   |  1- 3 |  4- 6 || total
-------------------------+-------+-------++-------
Melee: Short sword       |    12 |       ||    12
 Cast: Pain              |    68 |    16 ||    84
       Animate Skeleton  |    14 |     1 ||    15
       Vampiric Draining |     3 |     1 ||     4
  Use: Scroll            |       |     8 ||     8
  Eat: Chunk             |     6 |     2 ||     8
Armor: Leather armour    |     2 |       ||     2
Dodge: Dodged            |    10 |     1 ||    11
